 Dungeon Crawl Stone Soup version 0.30-a0-341-g682706514a (webtiles) character file.

Game seed: 16131059734584414744

373 retardedninja the Trooper (level 6, -1/84 HPs)
             Began as a Hill Orc Fighter on Nov 2, 2022.
             Slain by a gnoll
             ... wielding a +0 halberd
              (9 damage)
             ... on level 4 of the Dungeon.
             The game lasted 00:04:05 (3590 turns).

retardedninja the Trooper (Hill Orc Fighter)        Turns: 3590, Time: 00:04:05

Health: -1/84      AC:  8    Str: 21    XL:     6   Next: 72%
Magic:  6/6        EV:  9    Int:  8    God:
Gold:   150        SH:  5    Dex: 10    Spells: 5/5 levels left

rFire   + . .      SeeInvis .    a - +0 war axe
rCold   . . .      Faith    .    c - +0 buckler
rNeg    . . .      Spirit   .    b - +1 scale mail
rPois   .          Reflect  .    (no helmet)
rElec   .          Harm     .    (no cloak)
rCorr   .          Rampage  .    (no gloves)
Will    .....                    (no boots)
Stlth   ..........               (no amulet)
HPRegen 0.34/turn                (no ring)
MPRegen 0.10/turn                (no ring)

@: berserking, very quick
A: fire resistance 1
a: no special abilities


You were on level 4 of the Dungeon.
You visited 1 branch of the dungeon, and saw 4 of its levels.

You collected 150 gold pieces.

Inventory:

Hand Weapons
 a - a +0 war axe (weapon)
Armour
 b - a +1 scale mail (worn)
 c - a +0 buckler (worn)
Jewellery
 e - a ring of fire
 i - a ring of positive energy
 m - a +4 ring of evasion
 r - the ring of Xuomm {*Slow MP+9 Int+2 Dex+8}
   (You found it on level 3 of the Dungeon)

   [ring of magical power]

   Int:       It affects your intelligence (+2).
   Dex:       It affects your dexterity (+8).
   MP:        It affects your magic capacity (+9).
   *Slow:     It may slow you when you take damage.
 t - a +6 ring of strength
Scrolls
 f - a scroll of noise {unknown}
 h - 2 scrolls of teleportation
 k - a scroll of identify
 l - a scroll of poison
 o - 2 scrolls of butterflies
Potions
 d - a potion of attraction
 g - a potion of haste
 n - 2 potions of mutation
 p - a potion of brilliance


   Skills:
 + Level 5.3 Fighting
 + Level 5.1 Axes
 + Level 4.9 Armour
 + Level 4.9 Shields


You had 5 spell levels left.
You didn't know any spells.
Your spell library was empty.

Dungeon Overview and Level Annotations

Branches:
Dungeon (4/15)
 Temple: D:4-7

Altars:
Sif Muna

Shops:
D:3 =


Innate Abilities, Weirdness & Mutations

Your flesh is heat resistant. (rF+)


Message History

You barely miss the adder.
The ufetubus shouts!
The adder closely misses you.
You miss the adder. The adder bites you. The gnoll closely misses you.
The adder bites you but does no damage.
You barely miss the adder. The adder bites you but does no damage.
The gnoll hits you from afar with a +0 halberd.
The adder bites you. You block the gnoll's attack.
You slash the adder!
You kill the adder!
You block the gnoll's attack.
You closely miss the gnoll. The gnoll hits you with a +0 flail!
You block the gnoll's attack.
You hit the gnoll but do no damage. The gnoll hits you with a +0 flail.
The gnoll closely misses you. The gnoll barely misses you.
You hit the gnoll.
The gnoll is moderately wounded.
The gnoll hits you with a +0 flail. You block the gnoll's attack.
The gnoll hits you from afar with a +0 halberd!
The gnoll hits you from afar with a +0 halberd.
The gnoll hits you but does no damage. The gnoll barely misses you.
You are too injured to fight recklessly!
A red film seems to cover your vision as you go berserk!
You feel yourself moving faster!
You feel mighty! The gnoll hits you with a +0 flail.
The gnoll barely misses you.
The gnoll hits you from afar with a +0 halberd!
* * * LOW HITPOINT WARNING * * *
Unknown command.
You slash the gnoll!
You kill the gnoll!
The gnoll hits you from afar with a +0 halberd!
* * * LOW HITPOINT WARNING * * *
The gnoll hits you from afar with a +0 halberd.
* * * LOW HITPOINT WARNING * * *
You closely miss the phantom. The gnoll barely misses you.
The phantom hits you but does no damage.
The gnoll misses you.
You barely miss the phantom.
The gnoll hits you from afar with a +0 halberd!
You die...

#.....##....## ..#
#.....'......#...#
#.....#.....##...# .
#'########..##...# ..
.....#####..##...# ...
.....#..<....#...# ....
..[..#.......#...# .....
.....#########...#g.....
####.........#..@W5.....
#.........'...#g.....
#.........#...# .)...
#.........#####......
#....................
##########........ ..
#.....### # #.....#
#.....#


You could see a phantom, 2 gnolls and an ufetubus.

Vanquished Creatures
  Sigmund (D:2)
  2 orc priests (D:3)
  Terence (D:2)
  An orc wizard (D:3)
  2 gnolls (D:4)
  2 adders
  A shadow imp (D:3)
  A worm (D:3)
  4 dart slugs
  7 orcs (D:3)
  6 ball pythons
  2 bats
  2 endoplasms (D:1)
  A giant cockroach (D:1)
  2 goblins
  4 hobgoblins
  3 quokkas
  4 kobolds (D:1)
  4 rats (D:1)
50 creatures vanquished.

Notes
Turn   | Place    | Note
-------+----------+-------------------------------------------
     0 | D:1      | retardedninja the Hill Orc Fighter began the quest for the
                  | Orb.
     0 | D:1      | Reached XP level 1. HP: 19/19 MP: 1/1
   146 | D:1      | Reached XP level 2. HP: 23/27 MP: 2/2
   577 | D:1      | Reached XP level 3. HP: 31/33 MP: 3/3
  1425 | D:2      | Noticed Sigmund
  1433 | D:2      | Killed Sigmund
  1434 | D:2      | Reached XP level 4. HP: 31/41 MP: 4/4
  1434 | D:2      | Reached XP level 5. HP: 35/47 MP: 5/5
  1866 | D:2      | Noticed Terence
  1869 | D:2      | Killed Terence
  1870 | D:2      | Reached skill level 5 in Fighting
  1870 | D:2      | Reached XP level 6. HP: 56/56 MP: 6/6
  2064 | D:3      | Identified the ring of Xuomm {*Slow MP+9 Int+2 Dex+8}
  2139 | D:3      | Found Okhulew's Jewellery Shoppe.
  2364 | D:3      | Found a faded altar of an unknown god.
  2660 | D:3      | Gained mutation: Your flesh is heat resistant. (rF+)
                  | [potion of mutation]
  2686 | D:3      | Reached skill level 5 in Axes
  3152 | D:3      | Found a shimmering blue altar of Sif Muna.
  3590 | D:4      | Slain by a gnoll

Illustrated notes

Levels and vault maps discovered:
D:1:      ebering_trefoil_twist, layout_basic, moated_statue,
          corexii_hall_statues_s, fountainhead, hangedman_feature_mirror,
          minmay_misc_feat_doors
D:2:      layout_basic, dk_vineyard_3, uniq_sigmund, uniq_terence
D:3:      layout_basic, nicolae_sif_muna_little_library, serial_shops,
          nicolae_shop_waterfront, ebering_ecumenical_altar_abandoned,
          minmay_misc_feat_five
D:4:      layout_gridville, mainiacjoe_overflow_brackets,
          minmay_temple_entry_proselytizer

Skill      XL: |  1  2  3  4  5  6 |
---------------+-------------------+-----
Axes           | 3 4 5 |  5.1
Fighting       | 4 5 |  5.3
Armour         | 4 |  4.9
Shields        | 4 |  4.9

Action                   |  1- 3 |  4- 6 || total
-------------------------+-------+-------++-------
Melee: War axe           |    95 |    70 ||   165
  Use: Potion            |     1 |     7 ||     8
       Scroll            |       |     9 ||     9
 Stab: Invisible         |       |     2 ||     2
Armor: Scale mail        |    47 |    29 ||    76
Dodge: Dodged            |    36 |    36 ||    72
Block: Buckler           |    19 |    11 ||    30

Table legend: (Time is in decaauts)
 A = Elapsed time spent in this place.
 B = Non-inter-level travel time spent in this place.
 C = Inter-level travel time spent in this place.
 D = Time resting spent in this place.
 E = Time spent auto-exploring this place.
 F = Levels seen in this place.
 G = Mean time per level.
                   A        B        C        D        E       F      G
               +--------+--------+--------+--------+--------+-----+--------+
         Total |   3628 |   3569 |     59 |    979 |   2158 |   4 |  907.0 |
       Dungeon |   3628 |   3569 |     59 |    979 |   2158 |   4 |  907.0 |
               +--------+--------+--------+--------+--------+-----+--------+

Top non-repeatable levels by time:
     D:3: 1447 daAuts
     D:2: 1092 daAuts
     D:1: 1000 daAuts
     D:4: 88 daAuts
